 Dungeon Crawl Stone Soup version 0.31-a0-232-gb1c03b2570 (webtiles) character file.

Game seed: 16726022317197345250

48 qw the Shooter (level 3, -1/21 HPs)
             Began as a Gargoyle Hexslinger on July 6, 2023.
             Slain by a gnoll
             ... wielding a +0 spear
              (3 damage)
             ... on level 2 of the Dungeon.
             The game lasted 00:00:23 (923 turns).

qw the Shooter (Gargoyle Hexslinger)                 Turns: 923, Time: 00:00:24

Health: -1/21      AC:  9    Str: 11    XL:     3   Next: 72%
Magic:  4/4        EV: 15    Int: 13    God:
Gold:   56         SH:  0    Dex: 14    Spells: 3/4 levels left

rFire   . . .        Y - +1 sling
rCold   . . .        (no shield)
rNeg    + . .        g - +0 ring mail
rPois   inf          d - +0 helmet
rElec   +            (no cloak)
rCorr   .            (no gloves)
SInv    .            (no boots)
Will    .....        (no amulet)
Stlth   +            i - +5 ring of evasion
HPRegen 0.23/turn    (no ring)
MPRegen 0.09/turn

%: no passive effects
@: no status effects
A: sickness immunity, AC +3, negative energy resistance 1, electricity
resistance, torment resistance 1, petrification resistance
a: no special abilities


You were on level 2 of the Dungeon.
You visited 1 branch of the dungeon, and saw 2 of its levels.

You collected 56 gold pieces.


Innate Abilities, Weirdness & Mutations

You are immune to sickness and miasma.
Your stone body is resilient. (AC +3)
You are immune to poison.
You resist negative energy. (rN+)
You are resistant to electric shocks. (rElec)
You are resistant to unholy torment.
You are immune to petrification.


   Skills:
 - Level 2.0 Fighting
 + Level 3.2 Ranged Weapons
 - Level 1.2 Armour
 - Level 1.5 Dodging
 - Level 1.0 Spellcasting
 - Level 2.6 Hexes


You had 3 spell levels left.
You knew the following spells:

 Your Spells              Type           Power      Damage    Failure   Level
a - Slow                  Hex            28%        N/A       22%         1

Your spell library contained the following spells:

 Spells                   Type           Power      Damage    Failure   Level
 Inner Flame              Hex/Fire       4%         N/A       75%         3
 Portal Projectile        Hex/Tloc       8%         N/A       75%         3
 Cause Fear               Hex            3%         N/A       91%         4

Inventory:

Hand Weapons
 Y - a +1 sling (weapon)
Armour
 d - a +0 helmet (worn)
 g - a +0 ring mail (worn)
Jewellery
 i - a +5 ring of evasion (left hand)
Scrolls
 b - a scroll of brand weapon {unknown}
 c - a scroll of teleportation {unknown}
 f - a scroll of noise {unknown}
Potions
 a - a potion of heal wounds {unknown}
 e - 2 potions of attraction {unknown}

Dungeon Overview and Level Annotations

Branches:
Dungeon (2/15)

Altars:


Message History

The gnoll barely misses you. The gnoll misses you.
You shoot a sling bullet. The sling bullet hits the gnoll.
The gnoll is almost dead.
The gnoll hits you from afar with a +0 spear.
The gnoll hits you with a +0 club. The gnoll hits you but does no damage.
The gnoll barely misses you.
You shoot a sling bullet.
The sling bullet barely misses the gnoll.
The sling bullet hits the gnoll but does no damage.
The gnoll hits you from afar with a +0 spear.
The gnoll hits you with a +0 club.
You shoot a sling bullet. The sling bullet hits the gnoll.
You kill the gnoll!
The gnoll hits you but does no damage. The gnoll barely misses you.
You shoot a sling bullet.
The sling bullet closely misses the gnoll.
The gnoll hits you from afar with a +0 spear.
You shoot a sling bullet.
The sling bullet closely misses the gnoll.
The gnoll completely misses you.
You shoot a sling bullet.
The sling bullet closely misses the gnoll.
The gnoll barely misses you. The gnoll misses you.
You shoot a sling bullet. The sling bullet hits the gnoll.
The gnoll is moderately wounded.
The gnoll closely misses you.
You shoot a sling bullet.
The sling bullet barely misses the gnoll.
The gnoll barely misses you.
You shoot a sling bullet.
The sling bullet barely misses the gnoll.
The gnoll closely misses you.
The gnoll hits you from afar with a +0 spear.
You shoot a sling bullet. The sling bullet hits the gnoll.
The gnoll is moderately wounded.
The gnoll barely misses you.
You shoot a sling bullet. The sling bullet hits the gnoll.
The gnoll is heavily wounded.
The gnoll hits you from afar with a +0 spear.
You die...

##########..#.#
#.# #..#.# #.#
#..#.###.#
#........#
#....##### .
#....# ...####
#..<.#
.......###....#
...%.g)@......#
.....).####...#
...#### #...# .
#...#
########...#
##......#...#
........#...#
........'...#
####
#......##..####
..#


You could see a gnoll.

Vanquished Creatures
  2 gnolls (D:2)
  An endoplasm (D:2)
  5 goblins (D:1)
  7 hobgoblins
  2 kobolds
  A quokka (D:1)
  3 ball pythons (D:1)
  2 bats (D:1)
  3 frilled lizards
  2 rats (D:1)
28 creatures vanquished.

Notes
Turn   | Place    | Note
-------+----------+-------------------------------------------
     0 | D:1      | qw the Gargoyle Hexslinger began the quest for the Orb.
     0 | D:1      | Reached XP level 1. HP: 12/12 MP: 2/2
     0 | D:1      | 0 ||| qw: Version: 0.3-a-46-gb1f654a
     0 | D:1      | 0 ||| qw: Game counter: 1996
     0 | D:1      | 0 ||| qw: Melee chars always use a shield: true
     0 | D:1      | 0 ||| qw: God list: Okawaru
     0 | D:1      | 0 ||| qw: Allow faded altars: false
     0 | D:1      | 0 ||| qw: Do Orc after clearing Dungeon:15 true
     0 | D:1      | 0 ||| qw: Do second Lair branch before Depths: true
     0 | D:1      | 0 ||| qw: Lair rune preference: random
     0 | D:1      | 0 ||| qw: Goals: Normal
     0 | D:1      | 0 ||| PLANNING D:1-11
   136 | D:1      | Reached XP level 2. HP: 16/16 MP: 3/3
   167 | D:1      | Reached skill level 3 in Ranged Weapons
   601 | D:1      | 601 ||| UPGRADING to +0 helmet.
   606 | D:1      | 606 ||| UPGRADING to +0 leather armour.
   616 | D:1      | 616 ||| DROPPING +0 robe.
   617 | D:1      | 617 ||| UPGRADING to +0 ring mail.
   627 | D:1      | 627 ||| DROPPING +0 leather armour.
   628 | D:1      | 628 ||| UPGRADING to +5 ring of evasion.
   629 | D:1      | 629 ||| READING scroll labelled KIDWEY NARUTA.
   630 | D:1      | 630 ||| READING scroll labelled GISUWN TEEXYE.
   631 | D:1      | 631 ||| DROPPING scroll of poison.
   714 | D:2      | Reached XP level 3. HP: 21/21 MP: 4/4
   910 | D:2      | Reached skill level 1 in Armour
   914 | D:2      | HP: 5/21 [gnoll/+0 club (2)]
   916 | D:2      | HP: 2/21 [gnoll/+0 spear (4)]
   921 | D:2      | HP: 1/21 [gnoll/+0 spear (2)]
   923 | D:2      | Slain by a gnoll

Levels and vault maps discovered:
D:1:      roderic_chinese_lattice_arrival, layout_basic
D:2:      layout_basic, serial_shops, shop, shop, uniq_jessica

Skill      XL: |  1  2  3 |
---------------+----------+-----
Ranged Weapons | 3 |  3.2
Fighting       | 2 |  2.0
Armour         | 1 |  1.2
Dodging        | |  1.5
Spellcasting   | |  1.0
Hexes          | |  2.6

Action                     || total
---------------------------++-------
   Fire: Sling             ||    93
    Use: Scroll            ||     2
 Armour: Robe              ||    10
         Ring mail         ||     2
  Dodge: Dodged            ||    39

Table legend:
 A = Non-vault XP
 B = Vault XP
 C = Vault XP percentage of total XP
 D = Non-vault monster count
 E = Vault monster count
 F = Vault count percentage of total count
                 A         B        C        D         E       F
            +---------+---------+-------+---------+---------+-------
      Total |      69 |       0 |   0.0 |      28 |       0 |   0.0
            +---------+---------+-------+---------+---------+-------
        D:1 |      31 |       0 |   0.0 |      20 |       0 |   0.0
        D:2 |      38 |       0 |   0.0 |       8 |       0 |   0.0
            +---------+---------+-------+---------+---------+-------
